PBL
ATLANTA BRAVES @ LOS ANGELES DODGERS
07/11/2071
 
TOP OF THE 1ST
Atlanta Braves batting - Pitching for Los Angeles Dodgers : LHP Phil Watkins
Pitching: LHP Phil Watkins
Batting: SHB Ramón Salinas 0-0: Called Strike
0-1: Ball
1-1: Ball
2-1: Foul Ball, location: 5FF
2-2: Ground out 6-3 (Groundball, 6, EV 105.6 MPH)
Batting: RHB Murai Kimura 0-0: Ground out 4-3 (Groundball, 4, EV 90.6 MPH)
Batting: RHB David Miller 0-0: Ball
1-0: Swinging Strike
1-1: Foul Ball, location: 5F
1-2: Ball
2-2: Ball
3-2: Strikes out swinging wild pitch, reaches first!
Batting: RHB Kelvin White 0-0: Called Strike
0-1: Ball
1-1: Ball
2-1: Swinging Strike
2-2: Fly out, F8 (Flyball, 8RD, EV 101.9 MPH)
Top of the 1st over - 0 runs, 0 hits, 0 errors, 1 left on base; Atlanta 0 - Los Angeles 0
BOTTOM OF THE 1ST
Los Angeles Dodgers batting - Pitching for Atlanta Braves : RHP Ed Meyer
Pitching: RHP Ed Meyer
Batting: LHB Marcos Miró 0-0: Called Strike
0-1: Ground out 6-3 (Groundball, 6, EV 78.8 MPH)
Batting: RHB Bill McBryde 0-0: Foul Ball, location: 2F
0-1: Ball
1-1: Foul Ball, location: 5SF
1-2: Ball
2-2: Foul Ball, location: 2LF
2-2: Ground out 4-3 (Groundball, 34, EV 98.8 MPH)
Batting: LHB Bradley Richards 0-0: Called Strike
0-1: Foul Ball, location: 2RF
0-2: Ground out U3 (Groundball, 3, EV 81.9 MPH)
Bottom of the 1st over - 0 runs, 0 hits, 0 errors, 0 left on base; Atlanta 0 - Los Angeles 0
TOP OF THE 2ND
Atlanta Braves batting - Pitching for Los Angeles Dodgers : LHP Phil Watkins
Batting: RHB Ronald Baldwin 0-0: Foul Ball, location: 2F
0-1: Foul Ball, location: 7LMFF
0-2: Ball
1-2: Ball
2-2: Strikes out swinging
Batting: LHB Roberto Snyder 0-0: Called Strike
0-1: Ball
1-1: SINGLE (Groundball, 6MD, EV 103.8 MPH)
Batting: RHB Francisco Vega 0-0: Fly out, F8 (Flyball, 8LD, EV 105.6 MPH)
Batting: LHB Eric Kilbridge 0-0: Fly out, F8 (Flyball, 8RM, EV 83.8 MPH)
Top of the 2nd over - 0 runs, 1 hit, 0 errors, 1 left on base; Atlanta 0 - Los Angeles 0
BOTTOM OF THE 2ND
Los Angeles Dodgers batting - Pitching for Atlanta Braves : RHP Ed Meyer
Batting: LHB Bill McMillan 0-0: Ball
1-0: Ball
2-0: Called Strike
2-1: Called Strike
2-2: Ground out U3 (Groundball, 34S, EV 91.3 MPH)
Batting: RHB Andrés Ortíz 0-0: Foul Ball, location: 2RF
0-1: Ball
1-1: Called Strike
1-2: Ball
2-2: Strikes out swinging
Batting: RHB Jhonn Williams 0-0: Ball
1-0: Ball
2-0: Ball
3-0: Called Strike
3-1: Foul Ball, location: 2F
3-2: Foul Ball, location: 9LDF
3-2: SINGLE (Flyball, 3D, EV 98.8 MPH)
Batting: RHB Emílio Méndez 0-0: Ball
1-0: Ball
2-0: Ball
3-0: Base on Balls
Jhonn Williams to second
Batting: RHB Christian Gibbons 0-0: Foul Ball, location: 5FF
0-1: Ball
1-1: Ball
2-1: Ground out U3 (Groundball, 3S, EV 82.5 MPH)
Bottom of the 2nd over - 0 runs, 1 hit, 0 errors, 2 left on base; Atlanta 0 - Los Angeles 0
TOP OF THE 3RD
Atlanta Braves batting - Pitching for Los Angeles Dodgers : LHP Phil Watkins
Batting: LHB Gonzalo Crespo 0-0: Called Strike
0-1: Ball
1-1: Ball
2-1: Foul Ball, location: 7LMF
2-2: Ground out 6-3 (Groundball, 6, EV 106.3 MPH)
Batting: SHB Ramón Salinas 0-0: Called Strike
0-1: Foul Ball, location: 5F
0-2: Ball
1-2: Ball
2-2: Reached on error, E5 (Groundball, 56S, EV 89.4 MPH)
Batting: RHB Murai Kimura 0-0: Fielders Choice at 2nd, 6-4 (Groundball, 6M, EV 109.4 MPH)
Batting: RHB David Miller 0-0: Foul Ball, location: 9LSF
0-1: Ball
1-1: Foul Ball, location: 2F
1-2: Ball
2-2: Foul Ball, location: 3F
2-2: Ball
3-2: Ground out 5-3 (Groundball, 56S, EV 81.9 MPH)
Top of the 3rd over - 0 runs, 0 hits, 1 error, 1 left on base; Atlanta 0 - Los Angeles 0
BOTTOM OF THE 3RD
Los Angeles Dodgers batting - Pitching for Atlanta Braves : RHP Ed Meyer
Batting: RHB Terry Matos 0-0: Called Strike
0-1: Foul Ball, location: 5F
0-2: Foul Ball, location: 2F
0-2: Ball
1-2: Ground out 6-3 (Groundball, 6, EV 88.8 MPH)
Batting: LHB Marcos Miró 0-0: Ball
1-0: Foul Ball, location: 2F
1-1: Foul Ball, location: 7LMF
1-2: Ball
2-2: Ball
3-2: Fly out, F6 (Line Drive, 6M, EV 66.9 MPH)
Batting: RHB Bill McBryde 0-0: Ball
1-0: Foul Ball, location: 7LSF
1-1: Ball
2-1: Foul Ball, location: 3DF
2-2: Foul Ball, location: 2F
2-2: Ground out 4-3 (Groundball, 34, EV 100.0 MPH)
Bottom of the 3rd over - 0 runs, 0 hits, 0 errors, 0 left on base; Atlanta 0 - Los Angeles 0
TOP OF THE 4TH
Atlanta Braves batting - Pitching for Los Angeles Dodgers : LHP Phil Watkins
Batting: RHB Kelvin White 0-0: Ball
1-0: Foul Ball, location: 7LMF
1-1: Called Strike
1-2: Strikes out looking
Batting: RHB Ronald Baldwin 0-0: Called Strike
0-1: Ball
1-1: Fly out, F4 (Popup, 34D, EV 58.1 MPH)
Batting: LHB Roberto Snyder 0-0: Ball
1-0: Foul Ball, location: 2F
1-1: Foul Ball, location: 2F
1-2: Foul Ball, location: 25F
1-2: Foul Ball, location: 2F
1-2: Ball
2-2: Ball
3-2: Ground out 5-3 (Groundball, 56, EV 81.3 MPH)
Top of the 4th over - 0 runs, 0 hits, 0 errors, 0 left on base; Atlanta 0 - Los Angeles 0
BOTTOM OF THE 4TH
Los Angeles Dodgers batting - Pitching for Atlanta Braves : RHP Ed Meyer
Batting: LHB Bradley Richards 0-0: Ball
1-0: Ball
2-0: Ball
3-0: Called Strike
3-1: Swinging Strike
3-2: Strikes out swinging
Batting: LHB Bill McMillan 0-0: Ball
1-0: Called Strike
1-1: Ball
2-1: Foul Ball, location: 2RF
2-2: Ball
3-2: Fly out, F8 (Flyball, 89M, EV 100.6 MPH)
Batting: RHB Andrés Ortíz 0-0: Ball
1-0: Swinging Strike
1-1: Ball
2-1: Foul Ball, location: 2F
2-2: Ball
3-2: Fly out, F9 (Flyball, 89D, EV 101.9 MPH)
Bottom of the 4th over - 0 runs, 0 hits, 0 errors, 0 left on base; Atlanta 0 - Los Angeles 0
TOP OF THE 5TH
Atlanta Braves batting - Pitching for Los Angeles Dodgers : LHP Phil Watkins
Batting: RHB Francisco Vega 0-0: Called Strike
0-1: Ball
1-1: Ball
2-1: Foul Ball, location: 2F
2-2: Ground out 4-3 (Groundball, 4M, EV 99.4 MPH)
Batting: LHB Eric Kilbridge 0-0: Foul Ball, location: 2F
0-1: Called Strike
0-2: Foul Ball, location: 5FF
0-2: Ball
1-2: Ball
2-2: Foul Ball, location: 2F
2-2: Ball
3-2: Fly out, F2 (Popup, 5SF, EV 80.0 MPH)
Batting: LHB Gonzalo Crespo 0-0: Called Strike
0-1: Fly out, F8 (Flyball, 8LD, EV 111.3 MPH)
Top of the 5th over - 0 runs, 0 hits, 0 errors, 0 left on base; Atlanta 0 - Los Angeles 0
BOTTOM OF THE 5TH
Los Angeles Dodgers batting - Pitching for Atlanta Braves : RHP Ed Meyer
Batting: RHB Jhonn Williams 0-0: Ball
1-0: Called Strike
1-1: Called Strike
1-2: SINGLE (Line Drive, 8RS, EV 83.8 MPH)
Batting: RHB Emílio Méndez 0-0: Ball
1-0: Foul Ball, location: 9LMF
1-1: Ball
2-1: SINGLE (Line Drive, 7LM, EV 101.9 MPH)
Jhonn Williams to second
Batting: RHB Christian Gibbons 0-0: SINGLE (Line Drive, 56D, EV 96.9 MPH)
Jhonn Williams to third
Emílio Méndez to second
Batting: RHB Terry Matos 0-0: Ball
1-0: Fly out, F5 (Popup, 6S, EV 73.1 MPH)
Batting: LHB Marcos Miró 0-0: Fielders Choice at 2nd, 3-6 (Groundball, 3S, EV 86.3 MPH)
Jhonn Williams scores
Emílio Méndez to third
Batting: RHB Bill McBryde 0-0: Ball
1-0: Ball
2-0: Ball
3-0: Called Strike
3-1: Base on Balls
Marcos Miró to second
Batting: LHB Bradley Richards 0-0: Called Strike
0-1: Ball
1-1: Foul Ball, location: 23FF
1-2: Ground out 4-3 (Groundball, 34D, EV 96.9 MPH)
Bottom of the 5th over - 1 run, 3 hits, 0 errors, 3 left on base; Atlanta 0 - Los Angeles 1
TOP OF THE 6TH
Atlanta Braves batting - Pitching for Los Angeles Dodgers : LHP Phil Watkins
Batting: SHB Ramón Salinas 0-0: Ball
1-0: Called Strike
1-1: Ball
2-1: Ball
3-1: Base on Balls
Batting: RHB Murai Kimura 0-0: Ball
1-0: Fly out, F4 (Popup, 34, EV 71.3 MPH)
Batting: RHB David Miller 0-0: Called Strike
0-1: Foul Ball, location: 5F
0-2: Ball
1-2: Ball
2-2: Grounds into double play, 5-4-3 (Groundball, 5S, EV 80.6 MPH)
Top of the 6th over - 0 runs, 0 hits, 0 errors, 0 left on base; Atlanta 0 - Los Angeles 1
BOTTOM OF THE 6TH
Los Angeles Dodgers batting - Pitching for Atlanta Braves : RHP Ed Meyer
Pitching: LHP Félix Vélez
Batting: LHB Bill McMillan 0-0: Ball
1-0: Ball
2-0: Called Strike
2-1: Ball
3-1: Called Strike
3-2: Base on Balls
Batting: RHB Andrés Ortíz 0-0: Swinging Strike
0-1: Fly out, F7 (Flyball, 8LD, EV 98.1 MPH)
Batting: RHB Jhonn Williams 0-0: Swinging Strike
0-1: Foul Ball, location: 5F
0-2: Ball
1-2: 2-RUN HOME RUN (Flyball, 7LD, EV 96.3 MPH), Distance : 346 ft
Batting: RHB Emílio Méndez 0-0: Ball
1-0: Foul Ball, location: 25F
1-1: Swinging Strike
1-2: Ball
2-2: Foul Ball, location: 5F
2-2: Fly out, F9 (Flyball, 89S, EV 74.4 MPH)
Batting: RHB Christian Gibbons 0-0: Called Strike
0-1: Foul Ball, location: 25F
0-2: Ball
1-2: Ball
2-2: Foul Ball, location: 2F
2-2: Fly out, F9 (Line Drive, 89M, EV 88.1 MPH)
Bottom of the 6th over - 2 runs, 1 hit, 0 errors, 0 left on base; Atlanta 0 - Los Angeles 3
TOP OF THE 7TH
Atlanta Braves batting - Pitching for Los Angeles Dodgers : LHP Phil Watkins
Batting: RHB Kelvin White 0-0: Foul Ball, location: 2RF
0-1: Swinging Strike
0-2: Foul Ball, location: 5F
0-2: Ball
1-2: Foul Ball, location: 23F
1-2: Ball
2-2: Foul Ball, location: 9LDF
2-2: Foul Ball, location: 25F
2-2: Ball
3-2: Base on Balls
Pitching: RHP Lorenzo Crespo
Batting: RHB Ronald Baldwin 0-0: Ball
1-0: Called Strike
1-1: SINGLE (Groundball, 34D, EV 100.6 MPH)
Kelvin White to second
Runner from 2nd tries for 3rd, SAFE, throw by RF made to third
Batting: LHB Roberto Snyder 0-0: 3-RUN HOME RUN (Flyball, 9D, EV 98.1 MPH), Distance : 378 ft
Pinch Hitting: RHB Vince Gielens 0-0: Ball
1-0: Ball
2-0: Foul Ball, location: 23FF
2-1: Foul Ball, location: 9LDF
2-2: Foul Ball, location: 7LSF
2-2: Ground out 6-3 (Groundball, 6, EV 73.8 MPH)
Batting: LHB Eric Kilbridge 0-0: Ball
1-0: Ball
2-0: Foul Ball, location: 2F
2-1: Foul Ball, location: 2F
2-2: Ground out 4-3 (Groundball, 34D, EV 99.4 MPH)
Batting: LHB Gonzalo Crespo 0-0: Ball
1-0: Fly out, F7 (Flyball, 7, EV 91.9 MPH)
Top of the 7th over - 3 runs, 2 hits, 0 errors, 0 left on base; Atlanta 3 - Los Angeles 3
BOTTOM OF THE 7TH
Los Angeles Dodgers batting - Pitching for Atlanta Braves : LHP Félix Vélez
Now in CF: Tyrone Evans
Batting: RHB Terry Matos 0-0: Ball
1-0: Ball
2-0: Ball
3-0: Foul Ball, location: 23F
3-1: Called Strike
3-2: DOUBLE (Line Drive, 9LM, EV 106.3 MPH)
Pinch Hitting: RHB Anastasio Barrera 0-0: Ball
1-0: Foul Ball, location: 2F
1-1: Ball
2-1: 2-RUN HOME RUN (Flyball, 7D, EV 96.3 MPH), Distance : 372 ft
Pitching: RHP Ju-il Kae
Batting: RHB Bill McBryde 0-0: Ball
1-0: Ball
2-0: Called Strike
2-1: Ball
3-1: Foul Ball, location: 7LMF
3-2: SOLO HOME RUN (Flyball, 8RXD, EV 104.4 MPH), Distance : 417 ft
Batting: LHB Bradley Richards 0-0: Called Strike
0-1: Ball
1-1: Ball
2-1: Fly out, F9 (Flyball, 89M, EV 91.9 MPH)
Batting: LHB Bill McMillan 0-0: Called Strike
0-1: Ball
1-1: Ball
2-1: Foul Ball, location: 3SF
2-2: Foul Ball, location: 2F
2-2: Foul Ball, location: 3F
2-2: Ball
3-2: Fly out, F7 (Flyball, 7, EV 91.3 MPH)
Batting: RHB Andrés Ortíz 0-0: Ball
1-0: Called Strike
1-1: Ground out 6-3 (Groundball, 6, EV 90.0 MPH)
Bottom of the 7th over - 3 runs, 3 hits, 0 errors, 0 left on base; Atlanta 3 - Los Angeles 6
TOP OF THE 8TH
Atlanta Braves batting - Pitching for Los Angeles Dodgers : RHP Lorenzo Crespo
Now in CF: Enrique Pérez
Batting: SHB Ramón Salinas 0-0: Ball
1-0: Ball
2-0: Ball
3-0: Base on Balls
Pitching: RHP Jorge Rodríguez
Batting: RHB Murai Kimura 0-0: SINGLE (Popup, 4MD, EV 54.4 MPH)
Ramón Salinas to second
Batting: RHB David Miller 0-0: Ball
1-0: Ball
2-0: Swinging Strike
2-1: Ball
3-1: Swinging Strike
3-2: Foul Ball, location: 3DF
3-2: Grounds into double play, 4-6-3 (Groundball, 4, EV 107.5 MPH)
Ramón Salinas to third
Batting: RHB Kelvin White 0-0: Ground out 6-3 (Groundball, 6, EV 86.9 MPH)
Top of the 8th over - 0 runs, 1 hit, 0 errors, 1 left on base; Atlanta 3 - Los Angeles 6
BOTTOM OF THE 8TH
Los Angeles Dodgers batting - Pitching for Atlanta Braves : RHP Ju-il Kae
Batting: RHB Jhonn Williams 0-0: Ball
1-0: Foul Ball, location: 23F
1-1: Ball
2-1: SINGLE (Line Drive, 78S, EV 107.5 MPH)
Batting: RHB Emílio Méndez 0-0: Fly out, F9 (Line Drive, 9, EV 93.1 MPH)
Batting: RHB Christian Gibbons 0-0: Called Strike
0-1: SINGLE (Line Drive, 8RS, EV 87.5 MPH)
Jhonn Williams to second
Batting: RHB Terry Matos 0-0: Called Strike
0-1: Ball
1-1: Foul Ball, location: 9LSF
1-2: SINGLE (Groundball, 3D, EV 98.1 MPH)
Jhonn Williams to third
Christian Gibbons to second
Pitching: RHP Vicente López
Batting: RHB Enrique Pérez 0-0: Fly out, F3 (Popup, 3S, EV 88.1 MPH)
Pitching: RHP Ángel Chávez
Batting: RHB Bill McBryde 0-0: Foul Ball, location: 5SF
0-1: Foul Ball, location: 9LDF
0-2: Ball
1-2: Ball
2-2: Foul Ball, location: 7LSF
2-2: Foul Ball, location: 2F
2-2: Fly out, F7 (Flyball, 7, EV 95.0 MPH)
Bottom of the 8th over - 0 runs, 3 hits, 0 errors, 3 left on base; Atlanta 3 - Los Angeles 6
TOP OF THE 9TH
Atlanta Braves batting - Pitching for Los Angeles Dodgers : RHP Jorge Rodríguez
Now at 3B: Sam Jackson
Batting: RHB Ronald Baldwin 0-0: Swinging Strike
0-1: Fly out, F9 (Flyball, 9S, EV 87.5 MPH)
Batting: LHB Roberto Snyder 0-0: Called Strike
0-1: Swinging Strike
0-2: Ball
1-2: Ball
2-2: Strikes out swinging
Batting: RHB Tyrone Evans 0-0: Ball
1-0: Ball
2-0: Fly out, F9 (Flyball, 9LD, EV 92.5 MPH)
Top of the 9th over - 0 runs, 0 hits, 0 errors, 0 left on base; Atlanta 3 - Los Angeles 6
Monday, April 29th , 2024 - OOTP Baseball 24.10 Build 82